 Dungeon Crawl Stone Soup version 0.17-a0-1115-g0372368 (webtiles) character file.

358 onwiheg the Cudgeler (level 6, -5/37 HPs)
             Began as a Gargoyle Berserker on May 23, 2015.
             Was an Elder of Trog.
             Slain by an ogre
             ... wielding a +0 giant spiked club
              (19 damage)
             ... on level 4 of the Dungeon.
             The game lasted 00:10:30 (3031 turns).

onwiheg the Cudgeler (Gargoyle Berserker)           Turns: 3031, Time: 00:10:30

Health: -5/37      AC: 10    Str: 21    XL:     6   Next: 64%
Magic:  6/6        EV: 12    Int:  7    God:    Trog [****..]
Gold:   189        SH:  0    Dex: 11    Spells: 0 memorised, 5 levels left

rFire  . . .     SeeInvis .     q - +0 flail
rCold  + . .     Clarity  .     h - +0 scale mail (curse)
rNeg   + . .     SustAt   .     (no shield)
rPois  ∞         Gourm    .     (no helmet)
rElec  +         Spirit   .     (no cloak)
rCorr  .         Warding  .     (no gloves)
rMut   .         Stasis   .     (no boots)
MR     .....                    (no amulet)
Stlth  ..........               s - +2 ring of evasion
                                d - ring of protection from cold

@: not resistant to hostile enchantments, extremely unstealthy
A: negative energy resistance 1, electricity resistance, unbreathing,
petrification resistance, rot immunity, AC +4
a: Burn Spellbooks, Berserk, Trog's Hand, Brothers in Arms, Renounce Religion


You were on level 4 of the Dungeon.
You worshipped Trog.
Trog was greatly pleased with you.
You were not hungry.

You visited 1 branch of the dungeon, and saw 4 of its levels.

You collected 189 gold pieces.

Inventory:

Hand weapons
 q - a +0 flail (weapon)
Armour
 h - a cursed +0 scale mail (worn)
Jewellery
 d - a ring of protection from cold (left hand)
 s - a +2 ring of evasion (right hand)
Magical devices
 r - a wand of enslavement (2)
Scrolls
 e - 2 scrolls of enchant weapon {unknown}
 f - 4 scrolls of identify {unknown}
 g - a scroll of enchant armour {unknown}
 k - a scroll of fear {unknown}
 o - a scroll of random uselessness {unknown}
Potions
 a - a potion of brilliance {unknown}
 i - 2 potions of heal wounds {unknown}
 l - a potion of poison {unknown}
 m - a potion of agility
Books
 p - a book of Battle

   Spells                             Type                      Level
   a - Infusion                       Charms                       1
   b - Shroud of Golubria             Charms/Translocation         2
   c - Song of Slaying                Charms                       2
   d - Spectral Weapon                Hexes/Charms                 3
   e - Regeneration                   Charms/Necromancy            3
   Trog disapproves of the use of such an item.
Comestibles
 b - a chunk of flesh
 c - 3 bread rations
 j - 2 meat rations
 n - a beef jerky


   Skills:
 - Level 3.2 Fighting
 + Level 7.2 Maces & Flails
 - Level 2.1 Armour
 - Level 1.5 Dodging


You had 5 spell levels left.
You didn't know any spells.

Dungeon Overview and Level Annotations

Branches:
Dungeon (4/15)
 Temple: D:4-7

Altars:
Nemelex Xobeh


Innate Abilities, Weirdness & Mutations

You are resistant to torment.
Your stone body is resilient (AC +4).
You are immune to poison.
You resist negative energy.
You are resistant to electric shocks.
You can survive without breathing.
You are immune to petrification.
You are immune to rotting.


Message History

You see here 12 stones.
The hobgoblin misses you.
You sock the hobgoblin!
You kill the hobgoblin!
Trog accepts your kill.
You hear a splash.
You enter the shallow water.
Moving in this stuff is going to be slow.
Things that are here:
a club; a hobgoblin corpse
Things that are here:
a club; a hobgoblin corpse You barely miss the ogre.
The ogre hits you with a giant spiked club!
You barely miss the ogre.
The ogre hits you with a giant spiked club!
You barely miss the ogre.
The ogre hits you with a giant spiked club!!
Ouch! That really hurt!
You die...

#.♣P♣P♣≈≈≈≈P♣♣♣.# #.♣♣♣♣♣P.≈♣♣♣
♣.> ## #..##♣♣♣.♣♣ ...♣
.################..#.♣♣≈≈♣ ###♣
............>.........♣≈≈♣♣ ♣
###############.#....#♣P.≈♣#####♣
#.....####.......#♣
######(....(....#####.#♣
#########......@..#####.......).
##...##.........O..# #.########
#..................# #.# #
.....†.(..♣♣≈P♣♣≈♣)## #.# #
......♣≈≈≈≈♣P♣≈♣≈♣♣≈♣ #.# #
....≈♣≈P♣♣≈P≈≈≈≈PP≈♣♣♣♣≈≈# #
#.<≈P≈≈♣≈PP≈≈≈≈≈≈≈≈P≈≈≈♣≈♣ .
#♣≈P≈P≈≈≈≈≈≈≈≈≈≈≈≈≈≈≈♣≈≈♣ #
♣≈≈♣≈≈♣≈≈≈≈≈≈≈≈≈≈P≈♣≈P≈≈♣


You could see an ogre.

Vanquished Creatures
  An ogre (D:3)
  An orc wizard (D:3)
  Natasha (thrice) (D:3)
  A worker ant (D:4)
  A gnoll (D:3)
  4 river rats (D:3)
  4 adders (D:3)
  4 worms
  2 giant geckos
  14 orcs
  4 giant cockroaches
  10 hobgoblins
  5 jackals
  8 bats
  6 giant newts
  8 goblins
  8 kobolds
  3 quokkas
  19 rats
106 creatures vanquished.

Notes
Turn   | Place    | Note
--------------------------------------------------------------
     0 | D:1      | onwiheg the Gargoyle Berserker began the quest for the Orb.
     0 | D:1      | Reached XP level 1. HP: 14/14 MP: 1/1
   370 | D:1      | Reached XP level 2. HP: 12/19 MP: 2/2
   922 | D:1      | Reached skill level 4 in Maces & Flails
   955 | D:1      | Reached XP level 3. HP: 19/23 MP: 3/3
  1023 | D:1      | Acquired Trog's second power
  1391 | D:2      | Found a sparkling altar of Nemelex Xobeh.
  1453 | D:3      | Reached XP level 4. HP: 28/28 MP: 4/4
  1531 | D:3      | Reached skill level 5 in Maces & Flails
  1546 | D:3      | Reached XP level 5. HP: 30/32 MP: 5/5
  1713 | D:3      | Reached skill level 6 in Maces & Flails
  1767 | D:3      | Noticed Natasha
  1772 | D:3      | Killed Natasha
  1975 | D:3      | Found a sparkling altar of Nemelex Xobeh.
  2069 | D:3      | Noticed Natasha
  2080 | D:3      | Killed Natasha
  2090 | D:3      | Noticed Natasha
  2102 | D:3      | Killed Natasha
  2381 | D:3      | Noticed an ogre
  2383 | D:3      | Reached XP level 6. HP: 27/37 MP: 6/6
  2386 | D:3      | Killed an ogre
  2386 | D:3      | Acquired Trog's third power
  2428 | D:3      | Reached skill level 7 in Maces & Flails
  3031 | D:4      | Slain by an ogre

Vault maps used:
D:1:      erik_arrival_blinker_ship
D:2:      nemelex_altar_shiori
D:3:      wad_woods_tower, grunt_ministairs_1, st_stairs_11,
          nemelex_spade_bored_becter, uniq_natasha
D:4:      grunt_temple_overflow_open, nicolae_overflow_crystal_walls,
          first_bread, serial_bayou, serial_bayou_shore_b, serial_bayou_lake_a,
          serial_bayou_ford_a, serial_bayou_pond_c, serial_bayou_pond_e,
          serial_bayou_crossing

Action                   |  1- 3 |  4- 6 || total
-------------------------+-------+-------++-------
Melee: Mace              |   131 |   168 ||   299
       Flail             |       |    70 ||    70
Invok: Berserk           |     2 |     3 ||     5
  Eat: Chunk             |     3 |    10 ||    13
